 Dungeon Crawl Stone Soup version 0.24-a0-484-g962a3eeff7 (webtiles) character file.

Game seed: 1951309170043739648

53682 Inquire the Brawler (level 14, -4/141 HPs)
             Began as a Troll Fighter on July 9, 2019.
             Was a High Priest of Ashenzari.
             Slain by Snorg (25 damage)
             ... on level 6 of the Lair of Beasts.
             The game lasted 00:28:30 (15562 turns).

Inquire the Brawler (Troll Fighter)                Turns: 15562, Time: 00:28:31

Health: -4/141     AC:  8    Str: 30    XL:     14   Next: 31%
Magic:  13/13      EV: 17    Int:  5    God:    Ashenzari [*****.]
Gold:   1525       SH: 28    Dex: 14    Spells: 13/13 levels left

rFire    . . .     SeeInvis +     - Unarmed
rCold    . . .     Gourm    +   i - +1 large shield (curse)
rNeg     . . .     Faith    .   l - +2 robe {Archmagi} (curse)
rPois    +         Spirit   .   (helmet restricted)
rElec    .         Reflect  +   (no cloak)
rCorr    .         Harm     .   (gloves unavailable)
MR       ++...     Clarity  +   (boots unavailable)
Stlth    ++........             u - +6 amulet of reflection (curse)
HPRegen  0.73/turn              B - ring of poison resistance (curse)
MPRegen  0.13/turn              y - ring of protection from magic

@: agile, about to teleport
A: large, unfitting armour, claws 3, fast metabolism 3, gourmand, regeneration
1, shaggy fur 1, tough skin 3
a: Curse Item, Scrying, Transfer Knowledge, Renounce Religion


You were on level 6 of the Lair of Beasts.
You worshipped Ashenzari.
Ashenzari was extremely pleased with you.
You were not hungry.

You visited 3 branches of the dungeon, and saw 20 of its levels.
You also visited: Gauntlet and Volcano.

You collected 1525 gold pieces.

Inventory:

Hand Weapons
 h - the +7 battleaxe "Bingo" {chop, *Drain rN+ MP+9 Str+8}
   (You took it off a minotaur in a Gauntlet)

   It inflicts extra damage upon your enemies.
   It affects your strength (+8).
   It protects you from negative energy.
   It affects your magic capacity (+9).
   It causes draining when unequipped.
Missiles
 m - 22 javelins
 t - 48 poisoned darts
 w - a throwing net
 C - 15 large rocks (quivered)
Armour
 b - a +1 shield
 i - a cursed +1 large shield (worn)
 l - a cursed +2 robe of the Archmagi (worn)
 o - a +0 cloak
Jewellery
 a - an uncursed ring of magical power
 j - an uncursed amulet of the acrobat
 u - a cursed +6 amulet of reflection (around neck)
 v - an uncursed ring of protection from fire
 x - an uncursed amulet of faith
 y - a ring of protection from magic (right claw)
 B - a cursed ring of poison resistance (left claw)
Wands
 e - a wand of random effects (37)
 g - a wand of digging (2)
 z - a wand of paralysis (18)
 A - a wand of flame (14)
 H - a wand of polymorph (30)
 J - a wand of iceblast (7)
Scrolls
 f - 9 scrolls of teleportation
 q - a scroll of fog
 E - a scroll of remove curse
 G - 7 scrolls of identify
Potions
 k - a potion of agility
 n - 2 potions of ambrosia
 p - 3 potions of curing
 r - 7 potions of flight
 s - a potion of magic
 D - a potion of heal wounds
 F - a potion of brilliance
 I - a potion of might
Miscellaneous
 c - a lamp of fire (inert)
 K - a fan of gales
Comestibles
 d - 28 rations


   Skills:
 + Level 9.9 Fighting
 - Level 6.9 Throwing
 - Level 3.8 Armour
 - Level 4.7 Dodging
 * Level 11.2(13.6) Shields
 * Level 15.4 Unarmed Combat


You had 13 spell levels left.
You didn't know any spells.
Your spell library contained the following spells:

 Spells                   Type           Power        Failure   Level  Hunger
 Animate Skeleton         Necr           N/A          52%         1    ##.....
 Pain                     Necr           #...         52%         1    ##.....
 Swiftness                Chrm/Air       #.......     67%         2    ###....
 Mephitic Cloud           Conj/Pois/Air  #.......     88%         3    ####...
 Regeneration             Chrm/Necr      #.........   88%         3    ####...
 Spider Form              Tmut/Pois      #.........   88%         3    ####...
 Static Discharge         Conj/Air       #.......     88%         3    ####...
 Vampiric Draining        Necr           #.........   88%         3    ####...
 Animate Dead             Necr           N/A          99%         4    #####..
 Olgreb's Toxic Radiance  Pois           #.......     99%         4    #####..
 Silence                  Hex/Air        #.........   100%        5    ######.


Dungeon Overview and Level Annotations

Branches:
Dungeon (12/15)            Temple (0/1) D:6            Lair (6/6) D:10
 Shoals (0/4) Lair:3        Snake (0/4) Lair:4        Slime (0/5) Lair:6
    Orc (2/2) D:9
    Elf: Orc:2

Altars:
Ashenzari
Elyvilon
Fedhas
Hepliaklqana
Makhleb
Nemelex Xobeh
Okawaru
Ru
Sif Muna
Trog
Uskayaw
Wu Jian
The Shining One
Beogh

Shops:
D:4 =   D:5 [   D:9 (

Annotations:
Lair:5 exclusion: 2 oklob plants
Lair:6 Snorg
Orc:2 Donald


Innate Abilities, Weirdness & Mutations

You are too large for most types of armour.
You have claws for hands.
Your metabolism is lightning-fast.
You like to eat raw meat.
Your natural rate of healing is unusually fast.
You are covered in fur. (AC +1)
You have extremely tough skin. (AC +3)


Message History

Snorg closely misses you.
Unknown command.
You claw Snorg!
Snorg is moderately wounded.
Snorg is engulfed in blazing flames.
You block Snorg's attack. x2
Snorg barely misses you.
Unknown command.
Snorg is engulfed in blazing flames.
Snorg rages.
You block the blink frog's attack. You block Snorg's attack.
Snorg closely misses you. Snorg misses you.
As you read the scroll of teleportation, it crumbles to dust.
You feel strangely unstable.
The blink frog blinks!
You block the blink frog's attack. You block Snorg's attack. x2
Snorg claws you!!
* * * LOW HITPOINT WARNING * * *
The blink frog blinks!
Unknown command.
You block the blink frog's attack. x2; Snorg bites you!!
You die...

#** ###.####.##
..#######P..##§#..##
.....#.............##
...........P.#†...°.#
...........{#......####
.$.P.......##.#.°...#.#
.P....F....P.##§...P.##
..............#FT...P#
###.............@...##
**##...............P#
≈* #................#
**##............##..# *
#...#.#...^..##...#
*##..#..#.....##....#
#............#....##
*#.............P...#
**#........†.....###


You could see Snorg (berserk) and a blink frog.

Vanquished Creatures
  A stone giant (Volcano)
  A minotaur (Gauntlet)
  A blizzard demon (Gauntlet)
  A death ooze (Gauntlet)
  Erolcha (Orc:2)
  Harold (D:8)
  2 hydras
  Erica (D:9)
  2 two-headed ogres
  A catoblepas (Lair:5)
  A death scarab (Gauntlet)
  4 death yaks
  Sonja (Lair:5)
  Pikel (D:4)
  A cyclops (D:11)
  A manticore (D:11)
  2 ugly things
  Joseph (D:7)
  6 black mambas
  6 elephants
  A torpor snail (Lair:4)
  A gargoyle (Volcano)
  10 spiny frogs
  3 rime drakes
  An efreet (Volcano)
  3 komodo dragons
  5 trolls
  A tengu conjurer (D:11)
  A polar bear (Lair:5)
  21 blink frogs
  6 hippogriffs
  12 dream sheep (Lair:5)
  A shadow (D:11)
  49 yaks
  A spectral komodo dragon (Gauntlet)
  2 fire elementals (Volcano)
  Eustachio (D:4)
  3 wyverns
  2 basilisks
  Grum (Lair:1)
  Menkaure (D:5)
  A soldier ant (D:11)
  2 nagas (Lair:4)
  11 water moccasins
  14 porcupines
  9 orc warriors
  A slave (D:4)
  3 sky beasts
  2 black bears
  4 ice beasts
  7 ogres
  3 phantoms
  3 necrophages
  15 wolves
  4 centaurs
  8 crocodiles
  A big kobold (D:12)
  2 gnoll sergeants
  An earth elemental (Volcano)
  3 wyvern zombies (D:11)
  15 bullfrogs
  11 killer bees
  6 scorpions
  14 wights
  3 howler monkeys
  A bullfrog zombie (D:5)
  5 crimson imps
  A hound (D:9)
  A jelly (D:10)
  2 bullfrog skeletons
  2 centaur skeletons
  13 orc priests
  Crazy Yiuf (D:4)
  14 orc wizards
  6 iguanas
  7 worker ants
  A killer bee zombie (D:10)
  3 hound skeletons
  A mummy (D:7)
  2 worker ant zombies
  12 gnolls
  12 adders
  A shadow imp (D:8)
  2 white imps (Gauntlet)
  An ooze (D:2)
  An adder skeleton (D:9)
  3 adder zombies
  4 worms
  5 dart slugs
  10 leopard geckos
  53 orcs
  8 giant cockroaches
  8 goblins
  7 hobgoblins
  8 jackals
  8 quokkas
  2 ball pythons
  10 bats
  5 frilled lizards
  A giant cockroach zombie (D:6)
  13 kobolds
  A leopard gecko skeleton (D:9)
  A quokka skeleton (D:4)
  12 rats
  2 plants (Lair:5)
555 creatures vanquished.

Vanquished Creatures (others)
  A water moccasin (Lair:6)
  A centaur (Lair:3)
  6 fungi
  7 plants
15 creatures vanquished.

Grand Total: 570 creatures vanquished

Notes
Turn   | Place    | Note
-------+----------+-------------------------------------------
     0 | D:1      | Inquire the Troll Fighter began the quest for the Orb.
     0 | D:1      | Reached XP level 1. HP: 22/22 MP: 0/0
    71 | D:1      | Reached XP level 2. HP: 27/29 MP: 1/1
   360 | D:1      | Reached XP level 3. HP: 34/36 MP: 2/2
   425 | D:1      | Reached skill level 3 in Unarmed Combat
  1158 | D:2      | Reached XP level 4. HP: 37/44 MP: 3/3
  1702 | D:3      | Reached XP level 5. HP: 45/50 MP: 4/4
  1831 | D:3      | Found a sparkling altar of Nemelex Xobeh.
  1880 | D:3      | HP: 2/50 [gnoll sergeant/+1 spear of venom (12)]
  2248 | D:3      | Found a deep blue altar of Sif Muna.
  2248 | D:3      | Found a shattered altar of Ashenzari.
  2261 | D:3      | Found an iron altar of Okawaru.
  2261 | D:3      | Found a sacrificial altar of Ru.
  2391 | D:3      | Reached skill level 4 in Unarmed Combat
  2585 | D:3      | Found a blossoming altar of Fedhas.
  2610 | D:3      | Became a worshipper of Ashenzari the Shackled
  3133 | D:4      | Reached XP level 6. HP: 61/61 MP: 5/5
  3158 | D:4      | Found Zaumaf's Jewellery Shoppe.
  3203 | D:4      | Found a hide-covered altar of Uskayaw.
  3244 | D:4      | Found a runed translucent door.
  3245 | D:4      | Noticed Crazy Yiuf
  3367 | D:4      | Noticed Eustachio
  3390 | D:4      | HP: 3/61 [Eustachio/+0 rapier (1)]
  3392 | D:4      | Killed Eustachio
  3392 | D:4      | Reached skill level 5 in Unarmed Combat
  3645 | D:4      | Noticed a slave
  3645 | D:4      | Noticed a slave
  3646 | D:4      | Noticed Pikel
  3649 | D:4      | Killed a slave
  3649 | D:4      | Noticed a slave
  3650 | D:4      | Killed Pikel
  3650 | D:4      | Reached skill level 5 in Shields
  3650 | D:4      | Reached skill level 6 in Unarmed Combat
  3650 | D:4      | Reached XP level 7. HP: 68/68 MP: 6/6
  3672 | D:4      | Found a glowing golden altar of the Shining One.
  3808 | D:4      | Killed Crazy Yiuf
  3808 | D:4      | Reached XP level 8. HP: 64/78 MP: 7/7
  3860 | D:5      | Entered Level 5 of the Dungeon
  3975 | D:5      | Noticed Menkaure
  3981 | D:5      | Killed Menkaure
  4112 | D:5      | Reached skill level 7 in Unarmed Combat
  4334 | D:5      | Found Ycvad's Armour Boutique.
  4682 | D:5      | Found a hazy altar of Hepliaklqana.
  4842 | D:6      | Found a burning altar of Makhleb.
  4907 | D:6      | Reached XP level 9. HP: 87/87 MP: 8/8
  4921 | D:6      | Found a staircase to the Ecumenical Temple.
  4974 | D:6      | Reached skill level 8 in Unarmed Combat
  5438 | D:7      | Reached skill level 5 in Fighting
  5439 | D:7      | Noticed Joseph
  5589 | D:7      | Killed Joseph
  5743 | D:7      | Reached skill level 9 in Unarmed Combat
  5786 | D:7      | Identified the Guide on Virous Lightness
  5838 | D:7      | Reached * piety under Ashenzari
  6041 | D:8      | Found a bloodstained altar of Trog.
  6041 | D:8      | Found a white marble altar of Elyvilon.
  6042 | D:8      | Found an ornate altar of the Wu Jian Council.
  6119 | D:8      | Noticed Harold
  6139 | D:8      | Killed Harold
  6139 | D:8      | Reached XP level 10. HP: 80/98 MP: 9/9
  6303 | D:8      | Noticed a two-headed ogre
  6319 | D:8      | Killed a two-headed ogre
  6319 | D:8      | Reached skill level 10 in Unarmed Combat
  6547 | D:9      | Found Rolokef's Weapon Emporium.
  6684 | D:9      | Noticed Erica
  6690 | D:9      | Paralysed by Erica for 6 turns
  6700 | D:9      | Killed Erica
  6824 | D:9      | Reached skill level 11 in Unarmed Combat
  6957 | D:9      | Reached XP level 11. HP: 80/107 MP: 10/10
  7002 | D:9      | Found a staircase to the Orcish Mines.
  7018 | D:9      | Found a roughly hewn altar of Beogh.
  7136 | D:10     | Entered Level 10 of the Dungeon
  7145 | D:10     | Found a staircase to the Lair.
  7287 | D:10     | Noticed a purple ugly thing
  7292 | D:10     | Killed a purple ugly thing
  7298 | D:10     | Reached ** piety under Ashenzari
  8318 | D:11     | Reached skill level 1 in Armour
  8366 | D:11     | Noticed a two-headed ogre
  8371 | D:11     | Killed a two-headed ogre
  8401 | D:11     | Found a sparkling altar of Nemelex Xobeh.
  8443 | D:11     | Reached skill level 12 in Unarmed Combat
  8834 | D:12     | Noticed a brown ugly thing
  8853 | D:12     | Killed a brown ugly thing
  9021 | Lair:1   | Entered Level 1 of the Lair of Beasts
  9077 | Lair:1   | Reached *** piety under Ashenzari
  9171 | Lair:1   | Reached skill level 1 in Throwing
  9172 | Lair:1   | Noticed Grum
  9216 | Lair:1   | Killed Grum
  9358 | Lair:1   | Reached XP level 12. HP: 75/119 MP: 11/11
  9987 | Lair:2   | Found a dark tunnel.
 10022 | Volcano  | Entered a volcano
 10100 | Volcano  | Noticed a stone giant
 10112 | Volcano  | Killed a stone giant
 10112 | Volcano  | Reached skill level 13 in Unarmed Combat
 10325 | Lair:2   | Reached skill level 5 in Throwing
 10704 | Lair:3   | Found a gate leading to a gauntlet.
 10830 | Gauntlet | Entered a Gauntlet
 10830 | Gauntlet | Found a transporter.
 10837 | Gauntlet | Noticed a death scarab
 10840 | Gauntlet | Found a transporter.
 10842 | Gauntlet | Noticed a death ooze
 10850 | Gauntlet | Found a transporter.
 10859 | Gauntlet | Found a transporter.
 10859 | Gauntlet | Noticed a blizzard demon
 10877 | Gauntlet | Identified the cursed +0 leather armour of Going Fast
                  | {Int+2 Slay-3 SInv}
 10877 | Gauntlet | Found a transporter.
 10888 | Gauntlet | Found a transporter.
 10891 | Gauntlet | Found the +0 Maxwell's etheric cage {RegenMP+ *Contam rElec
                  | MP+4}
 10898 | Gauntlet | Found a transporter.
 10901 | Gauntlet | Identified the amulet "Voasm" {Faith MR+ Int+4 Stlth-}
 10910 | Gauntlet | Found a transporter.
 10910 | Gauntlet | Found a transporter.
 10938 | Gauntlet | Found a transporter.
 10939 | Gauntlet | Noticed a tengu warrior
 10940 | Gauntlet | Found a transporter.
 10994 | Gauntlet | Found a transporter.
 10994 | Gauntlet | Found a transporter.
 11003 | Gauntlet | Found a transporter.
 11080 | Gauntlet | Killed a death scarab
 11127 | Gauntlet | Killed a death ooze
 11229 | Gauntlet | Killed a blizzard demon
 11276 | Gauntlet | Got the cursed cloak "Vut Uqi" {*Drain rF+++ Dex-4 Slay+2}
 11289 | Gauntlet | Identified the cursed -7 cloak "Vut Uqi" {*Drain rF+++
                  | Dex-4 Slay+2} (You found it in a Gauntlet)
 11320 | Gauntlet | Identified the +7 battleaxe "Bingo" {chop, *Drain rN+ MP+9
                  | Str+8}
 11320 | Gauntlet | Noticed a minotaur
 11341 | Gauntlet | Killed a minotaur
 11381 | Lair:3   | Reached XP level 13. HP: 94/128 MP: 12/12
 11449 | Lair:3   | Identified the +1 ring mail of the Eternal Fruit {rN+ Int-3
                  | Stlth+}
 11603 | Lair:3   | Reached skill level 14 in Unarmed Combat
 11611 | Lair:3   | Reached **** piety under Ashenzari
 11705 | Lair:3   | Identified the +1 plate armour of Gaotheup {rElec rC-
                  | Str+3}
 11784 | Lair:2   | Reached skill level 10 in Shields
 12002 | Orc:1    | Entered Level 1 of the Orcish Mines
 12365 | Orc:1    | Found a bloodstained altar of Trog.
 12455 | Orc:2    | Entered Level 2 of the Orcish Mines
 12507 | Orc:2    | Noticed Erolcha
 12519 | Orc:2    | Killed Erolcha
 12596 | Orc:2    | Noticed Donald
 12843 | Lair:3   | Found a staircase to the Shoals.
 13647 | Lair:4   | Reached ***** piety under Ashenzari
 13797 | Lair:4   | Found a staircase to the Snake Pit.
 14384 | Lair:5   | Noticed Sonja
 14388 | Lair:5   | Killed Sonja
 14388 | Lair:5   | Reached skill level 15 in Unarmed Combat
 14388 | Lair:5   | Reached XP level 14. HP: 122/140 MP: 13/13
 14499 | Lair:5   | Identified the +3 leather armour of Monotheism {Str+9}
 15256 | Lair:6   | Entered Level 6 of the Lair of Beasts
 15528 | Lair:6   | Noticed Snorg
 15562 | Lair:6   | Slain by Snorg

Levels and vault maps discovered:
D:1:      matt_arrival_refuge, layout_basic
D:2:      layout_basic, minmay_close_crescents
D:3:      layout_basic, nemelex_altar_shiori, grunt_temple_overflow_open,
          first_ration
D:4:      layout_gridville, kennysheep_mini_moat, overflow_temple_1_default,
          serial_shops, kennysheep_little_box, hangedman_feature_mirror,
          uniq_eustachio, uniq_crazy_yiuf_cottage, uniq_pikel
D:5:      minmay_angry_zag, layout_loops_ring, kennysheep_mini, serial_shops,
          nicolae_shop_window_shopping, guppyfry_early_orc_mine, uniq_menkaure
D:6:      layout_basic, lemuel_round_altar, minmay_temple_entry_hall
D:7:      minmay_inner_zag, layout_rooms, serial_undead, serial_undead_c,
          serial_undead_d, serial_undead_c, serial_undead_c, serial_undead_b,
          kennysheep_small_square, uniq_joseph
D:8:      layout_rooms, chequers_temple_overflow_statue_of_worship, uniq_harold
D:9:      layout_cave_pools, minmay_orc_entry_temple_small, serial_shops,
          shop_statue, uniq_erica
D:10:     layout_stronghold, david_lair_generic
D:11:     layout_roguey, basic_altar, grunt_tengu_nest
D:12:     layout_loops_ring, nicolae_trove_entry_crystal, st_stairs_3
Lair:1:   layout_regular_city, infiniplex_staircase_pool, uniq_grum
Lair:2:   layout_concentric_octagons, nicolae_volcano_entry_hallway
Lair:3:   layout_cave_shapes, minmay_shoals_entry_centaurs,
          gauntlet_entry_generic
Lair:4:   layout_regular_city, minmay_snake_entry_guardpost_small,
          grunt_megastairs_2
Lair:5:   layout_small_grid, nicolae_lair_yak_garden, minmay_lair_oklob_chamber,
          wad_woods_river_01, uniq_sonja
Lair:6:   cheibrodos_lair_end_hotspot, layout_gridlike,
          nicolae_slime_entry_slimehenge, uniq_snorg
Orc:1:    layout_caves, basic_altar, nicolae_orc_damp_corner
Orc:2:    st_orc_rangers, layout_diamond_mine, uniq_donald, uniq_erolcha

Skill      XL: |  1  2  3  4  5  6  7  8  9 10 11 12 13 14 |
---------------+-------------------------------------------+-----
Shields        | 3 4 5 6 8 9 10 11 | 11.2
Unarmed Combat | 3 4 6 7 9 11 12 13 15 | 15.4
Fighting       | 3 4 5 6 7 8 9 |  9.9
Armour         | 2 3 |  3.8
Dodging        | 3 4 |  4.7
Throwing       | 2 6 |  6.9

Action                   |  1- 3 |  4- 6 |  7- 9 | 10-12 | 13-15 || total
-------------------------+-------+-------+-------+-------+-------++-------
Melee: Unarmed           |   134 |   145 |   303 |   682 |   550 ||  1814
Throw: Dart              |       |       |     1 |       |       ||     1
       Large rock        |       |       |       |       |    14 ||    14
       Throwing net      |       |       |       |       |     1 ||     1
Invok: Curse Item        |       |       |     2 |     1 |     1 ||     4
Evoke: Wand              |       |     8 |    13 |    11 |     8 ||    40
       Lamp of fire      |       |       |       |     1 |     2 ||     3
       Fan of gales      |       |       |       |       |     1 ||     1
  Use: Scroll            |     3 |     6 |     8 |    13 |     8 ||    38
       Potion            |       |     5 |       |    13 |     6 ||    24
 Stab: Sleeping          |       |     1 |     1 |       |       ||     2
       Petrified         |       |       |       |       |     5 ||     5
       Petrifying        |       |       |       |       |     1 ||     1
  Eat: Chunk             |    16 |    19 |    24 |    48 |    34 ||   141
Armor: Robe              |    83 |    40 |    52 |    90 |    32 ||   297
       Skin              |       |    28 |       |       |       ||    28
Dodge: Dodged            |    61 |    43 |    52 |    97 |    72 ||   325
Block: Shield            |    84 |    84 |   129 |       |       ||   297
       Large shield      |       |       |    25 |   636 |   528 ||  1189
       Reflection        |       |       |       |    16 |    26 ||    42

Table legend:
 A = Non-vault XP
 B = Vault XP
 C = Vault XP percentage of total XP
 D = Non-vault monster count
 E = Vault monster count
 F = Vault count percentage of total count
                 A         B        C        D         E       F
            +---------+---------+-------+---------+---------+-------
      Total |   57126 |   19563 |  25.5 |     468 |      85 |  15.4
            +---------+---------+-------+---------+---------+-------
        D:1 |      60 |       0 |   0.0 |      33 |       0 |   0.0
        D:2 |      99 |      10 |   9.2 |      21 |       3 |  12.5
        D:3 |     207 |       0 |   0.0 |      27 |       0 |   0.0
        D:4 |     235 |     853 |  78.4 |      10 |       3 |  23.1
        D:5 |     566 |     410 |  42.0 |      18 |      11 |  37.9
        D:6 |     779 |       0 |   0.0 |      22 |       0 |   0.0
        D:7 |     686 |     926 |  57.4 |      16 |      12 |  42.9
        D:8 |    1896 |    1002 |  34.6 |      24 |       1 |   4.0
        D:9 |    2516 |    1262 |  33.4 |      38 |      10 |  20.8
       D:10 |    2019 |     936 |  31.7 |      22 |       4 |  15.4
       D:11 |    4105 |     309 |   7.0 |      25 |       1 |   3.8
       D:12 |     752 |       0 |   0.0 |      10 |       0 |   0.0
     Lair:1 |    3619 |     640 |  15.0 |      20 |       5 |  20.0
     Lair:2 |    5545 |       0 |   0.0 |      27 |       0 |   0.0
     Lair:3 |    8717 |     446 |   4.9 |      33 |       4 |  10.8
     Lair:4 |   11039 |     462 |   4.0 |      37 |       3 |   7.5
     Lair:5 |    5894 |    4335 |  42.4 |      24 |      14 |  36.8
     Lair:6 |    6269 |       0 |   0.0 |      20 |       0 |   0.0
      Orc:1 |    1559 |       0 |   0.0 |      33 |       0 |   0.0
      Orc:2 |     564 |    1004 |  64.0 |       8 |       1 |  11.1
    Volcano |       0 |    2637 | 100.0 |       0 |       6 | 100.0
   Gauntlet |       0 |    4331 | 100.0 |       0 |       7 | 100.0
            +---------+---------+-------+---------+---------+-------
